 Dungeon Crawl Stone Soup version 0.25-a0-21-ga5a8db46c7 (webtiles) character file.

Game seed: 14622170349013488311, levelgen mode: deterministic

21 Arixos the Ducker (level 2, 23/23 HPs)
             Began as a Demonspawn Gladiator on Oct 15, 2019.
             Quit the game on level 1 of the Dungeon.
             The game lasted 00:01:42 (297 turns).

Arixos the Ducker (Demonspawn Gladiator)             Turns: 297, Time: 00:01:42

Health: 23/23      AC:  9    Str: 14    XL:     2   Next: 65%
Magic:  2/2        EV:  7    Int:  9    God:
Gold:   39         SH:  0    Dex: 14    Spells: 1/1 levels left

rFire    . . .     SeeInvis .   a - +0 quarterstaff
rCold    . . .     Gourm    .   (shield currently unavailable)
rNeg     . . .     Faith    .   d - +0 chain mail
rPois    .         Spirit   .   c - +0 helmet
rElec    .         Reflect  .   (no cloak)
rCorr    .         Harm     .   (no gloves)
MR       .....                  (no boots)
Stlth    ..........             (no amulet)
HPRegen  0.07/turn              (no ring)
MPRegen  0.08/turn              (no ring)

@: no status effects
A: spiny 1
a: no special abilities


You were on level 1 of the Dungeon.
You were not hungry.

You visited 1 branch of the dungeon, and saw 1 of its levels.

You collected 39 gold pieces.

Inventory:

Hand Weapons
 a - a +0 quarterstaff (weapon)
Armour
 c - a +0 helmet (worn)
 d - a +0 chain mail (worn)
Scrolls
 e - a scroll of identify {unknown}
 g - 2 scrolls of blinking {unknown}
Potions
 h - a potion of flight {unknown}
Comestibles
 b - 9 chunks of flesh
 f - a ration


   Skills:
 + Level 2.4 Fighting
 - Level 2.6 Staves
 - Level 1.7 Throwing
 + Level 1.1 Armour
 + Level 3.0 Dodging


You had one spell level left.
You didn't know any spells.
Your spell library was empty.

Dungeon Overview and Level Annotations

Branches:
Dungeon (1/15)

Altars:


Innate Abilities, Weirdness & Mutations

You are partially covered in sharp spines.


Message History

You see here a stone.
The kobold hits you but does no damage.
You closely miss the kobold. The kobold hits you but does no damage.
Your chain mail prevents you from hitting the kobold.
The kobold hits you but does no damage.
Your chain mail prevents you from hitting the kobold.
The kobold is struck by your spines. The kobold hits you but does no damage.
You closely miss the kobold.
The kobold is moderately wounded.
The kobold is struck by your spines.
You kill the kobold!
No target in view!
Things that are here:
a +0 club; a kobold corpse You see here a stone.
You see here a stone.
g - 2 scrolls labeled IKEEXKISEI (gained 1)
You now have 39 gold pieces (gained 10).
Found a scale mail.
Are you sure you want to abandon this character and quit the game? (Confirm with "yes".)

.ยง..?...# ..............
######### #.#
#######..####. # #.#
#......... #[##.##
#(#....... .#...##
#(##.####. ..... #.##.#
#. ... #.##.# #. #.#
#.##.# ##. ###@### #)##.#
#.. .. #.....# #
#.##.###.. .. #.###.#.#
#......... #. #.#
#.#.######.####. #.
###.###.......##.# #. ..
####.......#.###.##.# #.
..
#...................####.
##
#.##..#..###.###.####....
# ##..#..#.....#.## #.##.


There were no monsters in sight!

Vanquished Creatures
  2 oozes (D:1)
  A giant cockroach (D:1)
  3 goblins (D:1)
  A hobgoblin (D:1)
  2 kobolds (D:1)
  A ball python (D:1)
  2 bats (D:1)
  A rat (D:1)
13 creatures vanquished.

Notes
Turn   | Place    | Note
-------+----------+-------------------------------------------
     0 | D:1      | Arixos the Demonspawn Gladiator began the quest for the
                  | Orb.
     0 | D:1      | Reached XP level 1. HP: 16/16 MP: 1/1
    67 | D:1      | Gained mutation: You are partially covered in sharp spines.
                  | [demonic ancestry]
    67 | D:1      | Reached XP level 2. HP: 19/22 MP: 2/2
   131 | D:1      | Reached skill level 3 in Dodging
   155 | D:1      | Reached skill level 1 in Armour
   297 | D:1      | Quit the game

Levels and vault maps discovered:
D:1:      erik_arrival_gehennom, layout_loops_ring, hangedman_decor_riveting

Skill      XL: |  1  2 |
---------------+-------+-----
Dodging        | 3 |  3.0
Armour         | 1 |  1.1
Fighting       | |  2.4
Staves         | |  2.6
Throwing       | |  1.7

Action                   || total
-------------------------++-------
Melee: Quarterstaff      ||    31
Armor: Chain mail        ||    14
Dodge: Dodged            ||    10

Table legend:
 A = Non-vault XP
 B = Vault XP
 C = Vault XP percentage of total XP
 D = Non-vault monster count
 E = Vault monster count
 F = Vault count percentage of total count
                 A         B        C        D         E       F
            +---------+---------+-------+---------+---------+-------
      Total |      12 |      19 |  61.3 |       8 |       5 |  38.5
            +---------+---------+-------+---------+---------+-------
        D:1 |      12 |      19 |  61.3 |       8 |       5 |  38.5
            +---------+---------+-------+---------+---------+-------
